 Dungeon Crawl Stone Soup version 0.29.1-12-g30fa7ad0bf (webtiles) character file.

Game seed: 3288251635862567269

178 Radix the Conjurer (level 5, -13/28 HPs)
             Began as a Deep Elf Conjurer on Dec 31, 2022.
             Killed by divine providence
             ... invoked by an orc priest
              (14 damage)
             ... on level 3 of the Dungeon.
             The game lasted 00:16:28 (2888 turns).

Radix the Conjurer (Deep Elf Conjurer)              Turns: 2888, Time: 00:16:29

Health: -13/28     AC:  3    Str:  4    XL:     5   Next: 32%
Magic:  15/15      EV: 12    Int: 25    God:
Gold:   170        SH:  0    Dex: 13    Spells: 8/15 levels left

rFire   . . .      SeeInvis .   g - +0 short sword
rCold   . . .      Faith    .   (no shield)
rNeg    . . .      Spirit   .   a - +0 robe
rPois   .          Reflect  .   (no helmet)
rElec   .          Harm     .   j - +0 cloak
rCorr   .          Rampage  .   (no gloves)
Will    .....                   (no boots)
Stlth   ++........              h - amulet of magic regeneration
HPRegen 0.09/turn               (no ring)
MPRegen 0.54/turn               (no ring)

@: lethally poisoned (-13 -> -26), hasted, very quick
A: no striking features
a: no special abilities


You were on level 3 of the Dungeon.
You visited 1 branch of the dungeon, and saw 4 of its levels.

You collected 170 gold pieces.

Inventory:

Hand Weapons
 g - a +0 short sword (weapon)
Armour
 a - a +0 robe (worn)
 j - a +0 cloak (worn)
Jewellery
 h - an amulet of magic regeneration (around neck)
 o - an amulet of reflection
Wands
 m - a wand of light (10)
Scrolls
 e - 2 scrolls of vulnerability
 f - a scroll of identify
Potions
 b - a potion of magic
 c - a potion of haste
 d - a potion of lignification {unknown}
 n - 2 potions of attraction


   Skills:
 - Level 2.4 Dodging
 - Level 2.4 Stealth
 + Level 5.7 Spellcasting
 + Level 6.0 Conjurations
 + Level 0.1 Air Magic


You had 8 spell levels left.
You knew the following spells:

 Your Spells              Type           Power      Damage    Failure   Level
a - Magic Dart            Conj           100%       1d8       1%          1
b - Searing Ray           Conj           74%        2d7       1%          2
c - Fulminant Prism       Conj/Hex       11%        3d9       22%         4

Your spell library contained the following spells:

 Spells                   Type           Power      Damage    Failure   Level
 Shock                    Conj/Air       88%        1d8       2%          1
 Dazzling Flash           Conj/Hex       44%        N/A       7%          3
 Gell's Gravitas          Tloc           7%         N/A       22%         3
 Swiftness                Air            7%         N/A       22%         3
 Teleport Other           Tloc           7%         N/A       22%         3
 Iskenderun's Mystic Bla  Conj/Tloc      22%        2d6       22%         4
 Airstrike                Air            3%         2d(1-17)  58%         4
 Dispersal                Tloc           3%         N/A       100%        6


Dungeon Overview and Level Annotations

Branches:
Dungeon (4/15)
 Temple: D:4-7

Altars:

Shops:
D:2 !


Message History

An orc comes into view. It is wielding a +0 dagger.
The orc shouts!
The orc priest shouts!
There is a stone staircase leading up here.
You climb upwards.
There is a stone staircase leading down here.
You start resting.
Magic restored.
You start resting.
HP restored.
There is a stone staircase leading down here.
You climb downwards.
You hear the sound of rushing water.
There is an entrance to a sewer on this level.
Hurry and find it before the portal rusts away!
You hear the brisk rusting of a drain nearby.
The orc wizard shouts!
The orc shouts! x2; The orc wizard shouts!
There is a stone staircase leading up here.
The orc wizard casts a spell at you. The magic dart hits you!
The orc hits you with a +0 whip.
The orc hits you with a +2 short sword of venom.
You are poisoned.
You climb upwards.
You feel very sick.
There is a stone staircase leading down here.
Okay, then.
Okay, then.
It was a potion of haste.
You feel yourself speed up.
You feel sick.
The orc hits you with a +2 short sword of venom.
The orc priest hits you with a +0 dagger of venom.
* * * LOW HITPOINT WARNING * * *
You are more poisoned.
The orc hits you with a +0 whip.
* * * LOW HITPOINT WARNING * * *
* * * LOW HITPOINT WARNING * * *
You feel very sick.
The orc priest casts a cantrip, but nothing happens.
* * * LOW HITPOINT WARNING * * *
You feel sick.
The orc priest invokes the aid of Beogh against you.
Beogh smites you!
Ouch! That really hurt!
You die...

####.#######.######..
#.# #..##..... #.#
#####....#...
######.####...######.##
#.............# #.#
#.............# ###.##
#..oo.........####...#>
#.....o<...............
#.....@.......#........
#.............#.....###
#.............#######
###############


You could see an orc priest and 2 orcs.

Vanquished Creatures
  Natasha (thrice) (D:2)
  4 adders
  A white imp (D:3)
  A worm (D:3)
  3 orcs
  6 endoplasms
  2 giant cockroaches
  7 hobgoblins
  2 quokkas
  7 ball pythons
  4 bats
  3 frilled lizards
  5 goblins
  6 kobolds
  4 rats
58 creatures vanquished.

Vanquished Creatures (others)
  A fulminant prism (D:4)
  13 plants (D:2)
14 creatures vanquished.

Grand Total: 72 creatures vanquished

Notes
Turn   | Place    | Note
-------+----------+-------------------------------------------
     0 | D:1      | Radix the Deep Elf Conjurer began the quest for the Orb.
     0 | D:1      | Reached XP level 1. HP: 10/10 MP: 6/6
   312 | D:1      | Reached XP level 2. HP: 15/15 MP: 3/8
   838 | D:1      | Learned a level 2 spell: Searing Ray
   925 | D:2      | Reached XP level 3. HP: 19/19 MP: 7/10
   953 | D:2      | Reached skill level 5 in Conjurations
  1081 | D:2      | Noticed Natasha
  1087 | D:2      | Killed Natasha
  1227 | D:2      | Found Seaham's Distillery.
  1335 | D:2      | Noticed Natasha
  1340 | D:2      | Killed Natasha
  1341 | D:2      | Reached XP level 4. HP: 24/24 MP: 6/12
  1451 | D:2      | Reached skill level 5 in Spellcasting
  1517 | D:2      | Found a faded altar of an unknown god.
  1607 | D:2      | Noticed Natasha
  1612 | D:2      | Killed Natasha
  1684 | D:2      | Learned a level 4 spell: Fulminant Prism
  1903 | D:3      | Reached XP level 5. HP: 28/28 MP: 9/14
  2280 | D:3      | Reached skill level 6 in Conjurations
  2888 | D:3      | HP: 1/28 [poisoned by an orc priest]
  2888 | D:3      | Killed from afar by an orc priest

Illustrated notes

Levels and vault maps discovered:
D:1:      dpeg_arrival_concentric_ovals, layout_loops_ring
D:2:      layout_rooms, dilly_ecumenical_altar_fadedgnrine, serial_shops, shop,
          eino_tiny_chamber, uniq_natasha
D:3:      layout_rooms, roderic_st_hans_cross,
          wander_ebering_terrifying_dragon_lair
D:4:      layout_layer_cave, minmay_temple_entry_poolview,
          cheibrodos_sewer_entry_drain, chequers_jeans

Skill      XL: |  1  2  3  4  5 |
---------------+----------------+-----
Spellcasting   | 4 5 |  5.7
Conjurations   | 5 6 |  6.0
Dodging        | |  2.4
Stealth        | |  2.4
Air Magic      | |  0.1

Action                   |  1- 3 |  4- 6 || total
-------------------------+-------+-------++-------
 Cast: Magic Dart        |    60 |    45 ||   105
       Searing Ray       |     2 |     6 ||     8
       Fulminant Prism   |       |     1 ||     1
  Use: Scroll            |       |     8 ||     8
       Potion            |       |     1 ||     1
Dodge: Dodged            |     2 |     4 ||     6
